 Seeded DCSS version 0.31-a0-208-gdb31a4691d (webtiles) character file.

Game seed: 11368340539538574604 (custom seed)

12 innerfire43 the Trooper (level 2, 0/24 HPs)
             Began as a Demonspawn Monk on June 28, 2023.
             Frozen to death by an endoplasm (3 damage)
             ... on level 1 of the Dungeon.
             The game lasted 00:00:20 (296 turns).

innerfire43 the Trooper (Demonspawn Monk)            Turns: 296, Time: 00:00:21

Health: 0/24       AC:  2    Str: 11    XL:     2   Next: 20%
Magic:  2/2        EV: 13    Int: 11    God:
Gold:   27         SH:  0    Dex: 15    Spells: 1/1 levels left

rFire   . . .        a - +0 mace
rCold   . . .        d - orb {light}
rNeg    . . .        b - +0 robe
rPois   .            (no helmet)
rElec   .            (no cloak)
rCorr   .            (no gloves)
SInv    .            (no boots)
Will    .....        (no amulet)
Stlth   +            (no ring)
HPRegen 0.24/turn    (no ring)
MPRegen 0.08/turn

%: no passive effects
@: glowing
A: hooves 1
a: no special abilities


You were on level 1 of the Dungeon.
You visited 1 branch of the dungeon, and saw 1 of its levels.

You collected 27 gold pieces.

Inventory:

Hand Weapons
 a - a +0 mace (weapon)
Armour
 b - a +0 robe (worn)
 d - an orb of light (worn)
Scrolls
 e - a scroll of fog {unknown}
Potions
 c - a potion of ambrosia
 f - a potion of enlightenment {unknown}
 g - a potion of heal wounds {unknown}


   Skills:
 + Level 3.1 Fighting
 * Level 3.0 Maces & Flails
 + Level 2.8 Dodging


You had one spell level left.
You didn't know any spells.
Your spell library was empty.

Dungeon Overview and Level Annotations

Branches:
Dungeon (1/15)

Altars:

Shops:
D:1 ?


Innate Abilities, Weirdness & Mutations

You have large cloven feet.


Message History

You hit the hobgoblin. You kick the hobgoblin.
You kill the hobgoblin!
g - a smoky grey potion No target in view!
As you open the door, it creaks loudly!
No target in view!
There is an open door here.
There is an open door here.
You open the door.
An endoplasm and a gnoll come into view.
Found a pair of gloves.
The endoplasm quivers.
The gnoll shouts!
There is an open door here.
The gnoll hits you from afar with a +0 spear.
There are monsters nearby!
The gnoll barely misses you.
You hit the gnoll.
The gnoll is lightly wounded.
The gnoll hits you with a +0 spear.
There are monsters nearby!
You hit the gnoll. You kick the gnoll.
The gnoll is moderately wounded.
The gnoll hits you with a +0 spear! The gnoll barely misses you.
There are monsters nearby!
You are too injured to fight recklessly!
You are too injured to fight recklessly!
There are monsters nearby!
You are too injured to fight recklessly!
Unknown command.
You hit the gnoll.
The gnoll is severely wounded.
The gnoll hits you with a +0 spear.
* * * LOW HITPOINT WARNING * * *
You hit the gnoll but do no damage. You kick the gnoll, but do no damage.
The gnoll is severely wounded.
The gnoll closely misses you. The endoplasm freezes you.
You are frozen.
You die...

#......#.....#.#....#
#..###.#).†....#....#
#...##.#.....###....#
#.#.##.##....###....#
...............#....#
.....######..#.#....#
.†...#.........'....#
.†...#........##J...#
.....#..##.##.##@...#
........##.##.##g...#
..#'##..##....##......#
..#.###.########...[###
..#.....# #....#
..####### ###### ..#
###


You could see a gnoll and an endoplasm.

Vanquished Creatures
  A dart slug (D:1)
  2 ball pythons (D:1)
  An endoplasm (D:1)
  2 hobgoblins (D:1)
  3 kobolds (D:1)
  A rat (D:1)
10 creatures vanquished.

Notes
Turn   | Place    | Note
-------+----------+-------------------------------------------
     0 | D:1      | innerfire43 the Demonspawn Monk began the quest for the
                  | Orb.
     0 | D:1      | Reached XP level 1. HP: 18/18 MP: 1/1
   147 | D:1      | Found Voneorhazarph's Magic Scroll Emporium.
   156 | D:1      | Gained mutation: You have large cloven feet. [demonic
                  | ancestry]
   156 | D:1      | Reached XP level 2. HP: 9/24 MP: 2/2
   296 | D:1      | Frozen to death by an endoplasm

Illustrated notes

Levels and vault maps discovered:
D:1:      saegor_arrival_simple_a, layout_basic, serial_shops, shop

Skill      XL: |  1 |
---------------+----+-----
Maces & Flails | 3 |  3.0
Fighting       | |  3.1
Dodging        | |  2.8

Action                     || total
---------------------------++-------
  Melee: Mace              ||    27
         Kick              ||     3
 Armour: Robe              ||     2
  Dodge: Dodged            ||    23

Table legend: (Time is in decaauts)
 A = Elapsed time spent in this place.
 B = Non-inter-level travel time spent in this place.
 C = Inter-level travel time spent in this place.
 D = Time resting spent in this place.
 E = Time spent auto-exploring this place.
 F = Levels seen in this place.
 G = Mean time per level.
                   A        B        C        D        E       F      G
               +--------+--------+--------+--------+--------+-----+--------+
         Total |    303 |    303 |      0 |      0 |    238 |   1 |  303.0 |
       Dungeon |    303 |    303 |      0 |      0 |    238 |   1 |  303.0 |
               +--------+--------+--------+--------+--------+-----+--------+

Top non-repeatable levels by time:
     D:1: 303 daAuts
